AoeStats
← Irving Legend

Four Lakes

503394271Analyzed
2v2 RM · 1mo ago on Aug 31, 2026· 28m 31s· 4 players
Game mode
Random Map
Map size
Medium (4 player)
Population
200
Speed
Normal
Resources
Standard
Victory
Conquest
Starting age
Dark Age
Ending age
Imperial Age
RankedLock teamsTeams togetherTeam positionsShared explorationLock speedFull tech treeHidden civsTurbo modeCheats
Victory
Defeat
🇨🇴 Persians · Colombia
1121
+16
🇨🇦 Romans · Canada
1094
+17
🇻🇳 Japanese · Vietnam
1146
-18
🇨🇳 Italians · China
1082
-15
Thousk_
6:27 Loom
9:14 Feudal Age
9:42 Double-Bit Axe
19:38 Castle Age
18:34 Scale Barding Armor
18:42 Bloodlines
18:22 Horse Collar
18:56 Gold Mining
20:39 Forging
Irving Legend
6:20 Loom
9:59 Feudal Age
10:06 Man-at-Arms
10:44 Double-Bit Axe
19:30 Castle Age
19:42 Fletching
20:08 Forging
21:45 Medium Warships
24:20 Bow Saw
24:20 Fletching
26:08 Bloodlines
26:51 Scale Barding Armor
28:05 Chain Barding Armor
骨川 スネ夫
0:27 Loom
9:54 Feudal Age
15:23 Castle Age
20:43 Town Watch
546308830
1:41 Loom
10:55 Feudal Age
17:24 Castle Age
15:36 Double-Bit Axe
23:56 Horse Collar
24:19 Stone Mining
25:50 Wheelbarrow
Connection lost

Rejoining the realm…

Still unreachable

The connection could not be restored.

Session expired

The server has moved on; the page needs a fresh start.